Map: Catallena LE (Void)

Players

Jizzymane

  • Race: Zerg Zerg
  • League: Gold
  • Spawn Location: 9:00

Juxtapose - Winner!

  • Race: Protoss Protoss
  • League: Gold
  • Spawn Location: 12:00

VOD

https://youtu.be/ufLOYBt3oO4

Description

This was a great match and has a little bit of everything: Worker harass, extreme economy devastation, Nydus Worms, Swarm Hosts, a bit of base trading.

This is also the first match ever where I use Psionic Storm very well, and I enjoyed it immensely.

Time

  • Played on: Oct. 9, 2017, 6:19 p.m.
  • Length: 17:51
Show
View Real Time Build Order
Export as new Build Order

Jizzymane Zerg 

Build Orders: Hatch First, Swarm Host 

Get SALT Encoding   

  12  0:03  Drone  
  13  0:11  Drone  
  14  0:29  Drone, Extractor  
  14  0:30  Extractor  
  14  0:31  Drone  
  14  0:43  Extractor  
  14  0:44  Extractor  
  14  0:46  Drone  
  14  0:47  Drone  
  18  1:07  Hatchery  
  18  1:10  Overlord  
  17  1:23  Spawning Pool  
  16  1:28  Drone  
  16  1:29  Drone x2  
  19  1:41  Drone  
  19  1:44  Extractor  
  19  1:45  Extractor  
  18  1:48  Evolution Chamber  
  18  1:51  Drone  
  18  2:02  Drone  
  19  2:12  Queen  
  19  2:14  Drone  
  22  2:20  Drone  
  23  2:23  Drone  
  24  2:31  Drone  
  24  2:34  Zerg Melee Weapons Level 1  
  24  2:36  Drone  
  26  2:38  Queen  
  28  2:47  Overlord  
  28  2:53  Metabolic Boost  
  28  3:03  Overlord  
  28  3:10  Zergling x6  
  28  3:12  Zergling x2  
  32  3:27  Zergling x2  
  32  3:28  Zergling x8  
  37  3:38  Drone x3  
  40  3:44  Overlord  
  40  4:05  Zergling x14  
  40  4:06  Zergling x2  
  48  4:22  Lair  
  48  4:30  Overlord x2  
  42  4:52  Zergling x2  
  42  4:53  Zergling x10  
  42  4:59  Pneumatized Carapace  
  47  5:07  Zerg Missile Weapons Level 1  
  47  5:10  Drone x2  
  49  5:29  Nydus Network  
  49  5:31  Hydralisk Den  
  32  6:08  Zergling x2, Muscular Augments  
  32  6:09  Zergling x16  
  40  6:18  Nydus Canal  
  37  6:22  Drone  
  31  6:53  Drone x2  
  31  6:54  Drone x4  
  31  6:56  Drone x3  
  34  7:02  Drone x2  
  34  7:05  Drone  
  37  7:24  Hydralisk  
  37  7:25  Hydralisk x3  
  45  7:33  Zerg Missile Weapons Level 2  
  45  7:38  Drone x2  
  47  7:51  Overseer  
  47  8:00  Hydralisk x6  
  59  8:23  Hydralisk  
  59  8:24  Hydralisk x3  
  67  8:35  Overseer  
  67  8:38  Zergling x2  
  67  8:40  Overlord x2  
  67  8:41  Overlord x2  
  68  9:13  Drone, Extractor  
  68  9:14  Extractor, Drone x5  
  68  9:15  Drone x2  
  68  9:16  Drone  
  75  9:24  Lurker Den  
  75  9:28  Infestation Pit  
  73  9:53  Zergling x14  
  73  9:54  Zergling x8  
  84  10:09  Nydus Canal  
  84  10:16  Swarm Host x4  
  96  10:49  Zergling x2  
  98  10:50  Zergling x4  
  98  10:51  Overlord x3  
  98  10:52  Overlord x7  
  99  11:15  Hatchery  
  98  11:28  Hatchery  
  97  11:37  Nydus Canal  
  97  11:50  Hatchery  
  97  11:53  Hatchery  
  58  12:20  Zerg Ground Armor Level 1  
  58  12:29  Roach Warren  
  57  12:50  Hydralisk x6  
  57  12:51  Hydralisk x7  
  87  13:00  Burrow  
  63  13:27  Zergling x2  
  63  13:28  Zergling x26  
  48  14:00  Lurker  
  44  14:12  Hydralisk  
  44  14:13  Hydralisk x5  
  41  14:30  Lurker  
Show
View Real Time Build Order
Export as new Build Order

Juxtapose Protoss - Winner!

Build Orders: Oracle Opening 

Get SALT Encoding   

  12  0:03  Probe (Chrono Boost)  
  13  0:13  Probe (Chrono Boost)  
  14  0:24  Probe (Chrono Boost)  
  14  0:25  Pylon  
  15  0:43  Gateway, Probe (Chrono Boost)  
  16  0:53  Probe (Chrono Boost)  
  17  1:03  Assimilator  
  18  1:04  Probe (Chrono Boost)  
  18  1:08  Pylon  
  18  1:14  Probe (Chrono Boost)  
  18  1:17  Assimilator  
  19  1:25  Probe (Chrono Boost)  
  20  1:31  Zealot  
  22  1:35  Probe (Chrono Boost)  
  23  1:40  Cybernetics Core  
  23  1:51  Pylon  
  23  1:56  Probe (Chrono Boost)  
  24  2:06  Probe (Chrono Boost)  
  25  2:18  Warp Gate  
  27  2:23  Mothership Core (Chrono Boost)  
  27  2:38  Pylon  
  27  2:48  Stargate  
  27  3:02  Nexus  
  27  3:05  Pylon  
  27  3:08  Pylon  
  27  3:12  Pylon  
  27  3:24  Probe (Chrono Boost)  
  28  3:35  Probe (Chrono Boost)  
  28  3:36  Oracle (Chrono Boost)  
  32  3:48  Twilight Council  
  32  3:49  Forge  
  32  3:50  Probe  
  33  4:02  Probe  
  34  4:06  Pylon  
  34  4:14  Probe  
  34  4:15  Probe  
  36  4:24  Probe  
  36  4:27  Probe  
  38  4:35  Probe  
  39  4:40  Probe  
  40  4:46  Probe  
  40  4:52  Probe  
  39  4:56  Probe  
  39  4:59  Gateway  
  40  5:00  Gateway x2  
  40  5:01  Gateway  
  40  5:04  Probe  
  40  5:06  Assimilator  
  40  5:07  Probe  
  42  5:20  Templar Archives  
  42  5:24  Probe  
  42  5:25  Probe  
  44  5:34  Assimilator  
  43  5:45  Zealot  
  22  6:08  Zealot  
  22  6:09  Psionic Storm  
  15  6:12  Probe  
  9  6:22  Protoss Ground Weapons Level 1 (Chrono Boost)  
  9  6:24  Probe  
  10  6:36  Probe  
  10  6:38  Zealot  
  10  6:39  Zealot  
  13  6:40  Zealot x3  
  13  6:48  Probe  
  13  6:52  Probe  
  15  7:05  Probe  
  15  7:08  Probe  
  17  7:22  Probe  
  17  7:23  Probe  
  19  7:34  Probe  
  19  7:35  Probe  
  21  7:44  Probe  
  21  7:47  Probe  
  23  7:55  Probe  
  24  8:00  Probe  
  25  8:06  Probe, Stalker  
  25  8:12  Probe  
  29  8:16  Probe  
  30  8:31  Probe  
  30  8:33  Probe  
  32  8:38  Zealot  
  32  8:39  Protoss Ground Armor Level 1 (Chrono Boost)  
  34  8:42  Probe  
  34  8:45  Probe  
  36  8:52  Probe  
  36  8:53  High Templar  
  39  8:57  Probe  
  40  9:03  Probe  
  40  9:09  Probe  
  42  9:13  Probe  
  43  9:21  Probe  
  43  9:27  Zealot x2  
  43  9:28  High Templar  
  49  9:32  Probe  
  49  9:33  Probe  
  51  9:43  Phoenix  
  53  9:46  Probe  
  53  9:48  Probe  
  55  9:55  Charge  
  55  9:58  Probe  
  55  9:59  Probe, High Templar  
  58  10:05  High Templar  
  61  10:10  Probe  
  62  10:23  Zealot  
  62  10:24  Zealot x2  
  68  10:38  Probe  
  68  10:41  Probe  
  70  10:45  Stalker x3  
  70  10:46  Stalker x2  
  70  10:48  Probe  
  80  10:53  Probe  
  80  10:56  Protoss Ground Weapons Level 2 (Chrono Boost)  
  82  10:59  Probe  
  83  11:11  Pylon  
  83  11:31  Stalker x3  
  89  11:32  Nexus  
  89  11:33  Pylon  
  89  11:35  Pylon  
  89  11:40  Pylon  
  75  12:08  Zealot  
  75  12:09  Zealot, High Templar  
  75  12:10  Zealot, High Templar  
  85  12:56  Zealot  
  85  12:57  Zealot x3  
  85  12:58  Stalker  
  94  13:30  Zealot x3  
  94  13:31  Zealot x2  
  100  14:03  Nexus  
  100  14:22  Pylon  
  100  14:25  Pylon  
  100  14:46  Blink  
  98  15:12  Pylon  
  98  15:15  Protoss Ground Weapons Level 3 (Chrono Boost)  
  98  15:18  Pylon  
  80  15:57  Zealot  
  80  15:58  Zealot x4  
  80  16:02  Robotics Facility  
  72  16:24  High Templar x3  
  72  16:25  High Templar x2  
  82  16:39  Stargate  
  82  16:46  Photon Cannon  
  82  16:49  Photon Cannon  
  82  16:51  Assimilator  
  81  16:56  Assimilator  
  81  16:57  Observer  
  59  17:18  Observer  
  59  17:22  Zealot x2  
  56  17:23  Zealot x3  
Tags
 
Add a new tag
Caveats
  • Supply blocks, unpowered buildings, or Contaminate may cause inaccurate times.
  • Supply counts are checked every 10 seconds.